 Dungeon Crawl Stone Soup version 0.28-a0-479-g5baa6b73be (webtiles) character file.

Game seed: 2834629795804831089

42 timneilson the Shield-Bearer (level 3, -5/23 HPs)
             Began as a Gargoyle Fighter on Sept 18, 2021.
             Slain by an iguana (10 damage)
             ... on level 4 of the Dungeon.
             The game lasted 00:02:16 (1776 turns).

timneilson the Shield-Bearer (Gargoyle Fighter)     Turns: 1776, Time: 00:02:17

Health: -5/23      AC: 10    Str: 19 (20) XL:     3   Next: 56%
Magic:  3/3        EV:  7    Int:  5 (8)  God:
Gold:   36         SH:  7    Dex:  8 (9)  Spells: 2/2 levels left

rFire   . . .      SeeInvis .   a - +0 long sword
rCold   . . .      Faith    .   k - +0 kite shield
rNeg    + . .      Spirit   .   b - +0 scale mail
rPois   ∞          Reflect  .   (no helmet)
rElec   +          Harm     .   (no cloak)
rCorr   .          Rampage  .   (no gloves)
Will    .....                   (no boots)
Stlth   ..........              (no amulet)
HPRegen 0.07/turn               (no ring)
MPRegen 0.08/turn               (no ring)

@: hasted, very quick
A: sickness immunity, AC +3, negative energy resistance 1, electricity
resistance, torment resistance 1, petrification resistance
a: no special abilities


You were on level 4 of the Dungeon.
You visited 1 branch of the dungeon, and saw 3 of its levels.

You collected 36 gold pieces.

Inventory:

Hand Weapons
 a - a +0 long sword (weapon)
Armour
 b - a +0 scale mail (worn)
 k - a +0 kite shield (worn)
Scrolls
 j - a scroll of magic mapping {unknown}
Potions
 d - a potion of might
 g - a potion of heal wounds {unknown}
 h - a potion of lignification {unknown}
 i - a potion of curing {unknown}


   Skills:
 + Level 3.4 Fighting
 * Level 2.2 Long Blades
 * Level 3.7 Armour
 + Level 0.8 Dodging
 * Level 3.7 Shields


You had 2 spell levels left.
You didn't know any spells.
Your spell library was empty.

Dungeon Overview and Level Annotations

Branches:
Dungeon (2/15)

Altars:


Innate Abilities, Weirdness & Mutations

You are immune to sickness and miasma.
Your stone body is resilient. (AC +3)
You are immune to poison.
You resist negative energy. (rN+)
You are resistant to electric shocks. (rElec)
You are resistant to unholy torment.
You are immune to petrification.


Message History

You block the frilled lizard's attack.
You hit the frilled lizard.
You kill the frilled lizard!
You see here a frilled lizard corpse.
You fall into a shaft and drop 2 floors!
The shaft crumbles and collapses.
Found 5 gold pieces.
Found an escape hatch in the floor.
Found a stone staircase leading down.
There is an escape hatch in the floor here.
You now have 36 gold pieces (gained 5).
Found a robe.
Found 20 arrows.
An iguana comes into view.
The iguana hisses angrily.
Found a potion of might.
A quokka comes into view.
You hit the iguana.
The iguana is lightly wounded.
You block the iguana's attack. The iguana bites you.
You slash the iguana!
The iguana is heavily wounded.
You block the iguana's attack.
The quokka bites you but does no damage.
You closely miss the iguana.
The iguana is heavily wounded.
The iguana bites you! You block the quokka's attack. The iguana bites you!
* * * LOW HITPOINT WARNING * * *
The quokka bites you but does no damage. x2
You block the quokka's attack. The quokka closely misses you.
The quokka bites you but does no damage.
The quokka bites you but does no damage.
You slash the quokka!
You kill the quokka!
It was a potion of degeneration.
There was something very wrong with that liquid.
You feel weakened.
You feel dopey.
You feel clumsy.
The iguana bites you but does no damage.
It was a potion of haste.
You feel yourself speed up. The iguana bites you!
You die...

.... .... .... ####### ....
#.....#### .... ##........#
.... ##.........## #### ....
#.......>...####..## ....
#..>.........@##...## ####
#............#l.....#####
##...........####.......######
#...........# #..##.........
#............# ##.####.......
##...........# #####......##
##..........# ###......##.
############ ##......###..
##.....####...


You could see an iguana.

Vanquished Creatures
  A gnoll (D:1)
  2 worms (D:2)
  A dart slug (D:1)
  3 bats
  3 endoplasms (D:2)
  A goblin (D:1)
  A hobgoblin (D:1)
  3 quokkas
  2 ball pythons (D:2)
  4 frilled lizards
  A kobold (D:1)
  5 rats
27 creatures vanquished.

Notes
Turn   | Place    | Note
-------+----------+-------------------------------------------
     0 | D:1      | timneilson the Gargoyle Fighter began the quest for the
                  | Orb.
     0 | D:1      | Reached XP level 1. HP: 14/14 MP: 1/1
   271 | D:1      | Reached XP level 2. HP: 17/19 MP: 2/2
   588 | D:1      | Found a faded altar of an unknown god.
   704 | D:1      | Reached XP level 3. HP: 7/23 MP: 3/3
  1659 | D:2      | You fall into a shaft and drop 2 floors!
  1776 | D:4      | Slain by an iguana

Illustrated notes

Levels and vault maps discovered:
D:1:      mainiacjoe_arrival_reflecting_pool, layout_rooms,
          dreamdust_ecumenical_altar_angels_and_demons, lemuel_old_faithful
D:2:      wad_crossroads, layout_loops_corners
D:4:      layout_cave_pods, general_overflow_altar,
          minmay_temple_entry_butterflies

Skill      XL: |  1  2 |
---------------+-------+-----
Long Blades    | 2 |  2.2
Fighting       | |  3.4
Armour         | |  3.7
Dodging        | |  0.8
Shields        | |  3.7

Action                   || total
-------------------------++-------
Melee: Long sword        ||    95
  Use: Potion            ||     2
Armor: Scale mail        ||    52
Dodge: Dodged            ||    45
Block: Buckler           ||    17
       Kite shield       ||     6

Table legend: (Time is in decaauts)
 A = Elapsed time spent in this place.
 B = Non-inter-level travel time spent in this place.
 C = Inter-level travel time spent in this place.
 D = Time resting spent in this place.
 E = Time spent auto-exploring this place.
 F = Levels seen in this place.
 G = Mean time per level.
                   A        B        C        D        E       F      G
               +--------+--------+--------+--------+--------+-----+--------+
         Total |   1806 |   1771 |     35 |      0 |   1433 |   3 |  602.0 |
       Dungeon |   1806 |   1771 |     35 |      0 |   1433 |   3 |  602.0 |
               +--------+--------+--------+--------+--------+-----+--------+

Top non-repeatable levels by time:
     D:1: 1032 daAuts
     D:2: 655 daAuts
     D:4: 118 daAuts
